 Dungeon Crawl Stone Soup version 0.17.0-25-gefc9c12 (webtiles) character file.

4403 lucasterio the Fighter (level 10, -4/96 HPs)
             Began as a Minotaur Berserker on Nov 18, 2015.
             Was a High Priest of Trog.
             Slain by an orc warrior
             ... wielding a +2 halberd of flaming
              (6 damage)
             ... on level 9 of the Dungeon.
             The game lasted 00:47:21 (8029 turns).

lucasterio the Fighter (Minotaur Berserker)         Turns: 8029, Time: 00:47:21

Health: -4/96      AC: 15    Str: 25    XL:     10   Next: 14%
Magic:  9/9        EV:  8    Int:  4    God:    Trog [*****.]
Gold:   321        SH:  0    Dex: 10    Spells: 0 memorised, 9 levels left

rFire  . . .     SeeInvis .     M - +3 glaive (flame)
rCold  . . .     Clarity  +     J - +0 plate armour
rNeg   . . .     SustAt   .     (shield currently unavailable)
rPois  .         Gourm    .     (helmet restricted)
rElec  .         Spirit   .     (no cloak)
rCorr  .         Warding  .     u - +0 pair of gloves
rMut   .         Stasis   .     (no boots)
MR     .....                    y - amulet of clarity
Stlth  ..........               (no ring)
                                t - ring of flight

@: exhausted, slowed, very slow, not resistant to hostile enchantments,
extremely unstealthy
A: retaliatory headbutt, horns 2
a: Berserk, Trog's Hand, Brothers in Arms, Burn Spellbooks, Renounce Religion,
Evoke Flight


You were on level 9 of the Dungeon.
You worshipped Trog.
Trog was extremely pleased with you.
You were hungry.

You visited 1 branch of the dungeon, and saw 9 of its levels.
You also visited: Sewer.

You collected 578 gold pieces.
You spent 257 gold pieces at shops.

Inventory:

Hand Weapons
 a - a +0 spear
 w - a +0 trident
 E - a +2 flail of protection
 L - a +0 shortbow
 M - a +3 glaive of flaming (weapon)
Missiles
 k - 2 javelins (quivered)
 D - 106 arrows
 I - 11 arrows of frost
Armour
 r - a +0 buckler
 u - a +0 pair of gloves (worn)
 J - a +0 plate armour (worn)
Jewellery
 b - a +2 ring of dexterity
 t - a ring of flight (left hand)
 y - an amulet of clarity (around neck)
 O - an uncursed ring of positive energy {unknown}
Wands
 e - a wand of flame (9)
 H - a wand of frost (33)
Scrolls
 d - a scroll of enchant weapon {unknown}
 i - 3 scrolls of enchant armour {unknown}
 j - 3 scrolls of magic mapping {unknown}
 l - 8 scrolls of remove curse
 m - a scroll of brand weapon {unknown}
 o - a scroll of recharging {unknown}
 z - 4 scrolls of teleportation
 C - 4 scrolls of identify
 G - 2 scrolls of random uselessness {unknown}
 K - a scroll of acquirement {unknown}
 N - a scroll of noise {unknown}
 P - a scroll of immolation {unknown}
Potions
 f - a potion of mutation
 g - 6 potions of heal wounds
 h - 2 potions of haste {unknown}
 p - a potion of resistance {unknown}
 q - 3 potions of agility {unknown}
 s - 6 potions of curing
 v - 6 potions of might {unknown}
 x - 2 potions of poison {unknown}
 A - 2 potions of cancellation {unknown}
 B - a potion of flight {unknown}
Comestibles
 c - 13 bread rations
 n - 2 meat rations
 F - 3 beef jerkies
 Q - a chunk of flesh


   Skills:
 + Level 11.2 Fighting
 + Level 10.4 Polearms
 + Level 9.0 Armour
 - Level 2.2 Dodging
 - Level 4.7 Shields


You had 9 spell levels left.
You didn't know any spells.

Dungeon Overview and Level Annotations

Branches:
Dungeon (9/15)             Temple (0/1) D:4
   Lair: D:8-11         Orc: D:9-12

Altars:
Dithmenos
Elyvilon
Kikubaaqudgha
Makhleb
Okawaru
Qazlal
Xom
Yredelemnul
Zin

Shops:
D:4 !   D:5 ?


Innate Abilities, Weirdness & Mutations

You reflexively headbutt those who attack you in melee.
You have a pair of horns on your head.


Message History

Trog accepts your kill.
You feel a strong urge to attack something.
The orc warrior hits you from afar with a halberd of flaming!
* * * LOW HITPOINT WARNING * * *
The orc warrior burns you.
* * * LOW HITPOINT WARNING * * *
You see here an orc corpse.
You see here 4 tomahawks.
You feel your anger subside. The orc warrior barely misses you.
You see here 4 tomahawks.
Your blood rage is quickly leaving you.
You are no longer berserk.
You are exhausted.
You feel yourself slow down.
You are feeling hungry.
The orc warrior hits you from afar with a halberd of flaming!!
* * * LOW HITPOINT WARNING * * *
The orc warrior burns you.
You die...

...............≈≈.#
#...≈≈...#
##########.....≈..#
#........#
#.(.....##........#
#........#
#.#####.#.........#
##+#######
#.##..#.#.#######.# #.#
#.##............#.####.#
#)##.##.#..............#
.)....#.#..#############
#.#####.#.......@(.# #.#
#.#.#.######o# #.#
#.#.#.###


#ooo #.# #.#.....# #oo... ..# #.###.#.# ##...... #######.###.#.# #...#.
......#.....#.# #8## #####.#.#####.# ## ..>...........# You could see 2 orc
warriors and an orc.

Vanquished Creatures
  Joseph (D:8)
  2 hungry ghosts
  The ghost of ConnectionFaild the Magus, an amateur SpAr of Nemelex Xobeh (D:4)
  2 hippogriffs
  2 sky beasts
  3 orc warriors
  An ice beast (D:9)
  A phantom (D:8)
  7 ogres
  3 centaurs
  A crocodile (D:8)
  A giant frog (D:9)
  A wight (D:7)
  4 scorpions (D:5)
  5 killer bees (D:8)
  4 crimson imps
  Crazy Yiuf (D:2)
  A giant frog skeleton (D:6)
  4 hounds
  2 jellies
  5 orc priests
  2 centaur skeletons
  Terence (D:2)
  7 orc wizards
  An iguana (D:7)
  2 worker ants
  A hound zombie (D:9)
  A mummy (D:6)
  Robin (D:2)
  9 gnolls
  6 river rats
  13 adders
  2 shadow imps
  An ooze (Sewer)
  An adder zombie (D:7)
  3 worms
  28 orcs
  9 hobgoblins
  7 jackals
  3 quokkas
  5 ball pythons (Sewer)
  9 bats
  9 giant cockroaches
  A giant cockroach zombie (D:5)
  5 giant geckos
  A giant newt (D:7)
  15 goblins
  2 hobgoblin zombies (D:6)
  A jackal zombie (D:7)
  22 kobolds
  2 orc zombies (D:6)
  32 rats
  A plant (D:5)
255 creatures vanquished.

Vanquished Creatures (collateral kills)
  An orc (D:8)
1 creature vanquished.

Vanquished Creatures (others)
  6 fungi (D:5)
  2 plants (D:5)
8 creatures vanquished.

Grand Total: 264 creatures vanquished

Notes
Turn   | Place    | Note
--------------------------------------------------------------
     0 | D:1      | lucasterio the Minotaur Berserker began the quest for the Orb.
     0 | D:1      | Reached XP level 1. HP: 19/19 MP: 0/0
   303 | D:1      | Reached skill level 4 in Polearms
   337 | D:1      | Reached XP level 2. HP: 27/27 MP: 1/1
   694 | D:2      | Reached ** piety under Trog
   777 | D:2      | Found a glowing silver altar of Zin.
   778 | D:2      | Noticed Robin
   781 | D:2      | Reached XP level 3. HP: 33/33 MP: 2/2
   803 | D:2      | Killed Robin
   850 | D:2      | Noticed Terence
   867 | D:2      | Killed Terence
   867 | D:2      | Reached skill level 5 in Polearms
   867 | D:2      | Reached XP level 4. HP: 21/41 MP: 3/3
  1345 | D:2      | Noticed Crazy Yiuf
  1353 | D:2      | Killed Crazy Yiuf
  1410 | D:3      | Reached skill level 1 in Shields
  1415 | D:3      | Reached XP level 5. HP: 47/47 MP: 4/4
  1483 | D:3      | Reached skill level 5 in Fighting
  1499 | D:3      | Reached *** piety under Trog
  1535 | D:3      | Found a shadowy altar of Dithmenos.
  1657 | D:3      | Found a basalt altar of Yredelemnul.
  1713 | D:3      | Found a white marble altar of Elyvilon.
  1993 | D:3      | Found a glowing drain.
  2007 | Sewer    | Entered a sewer
  2113 | Sewer    | Reached XP level 6. HP: 45/56 MP: 5/5
  2252 | Sewer    | Reached **** piety under Trog
  2266 | Sewer    | Reached skill level 6 in Polearms
  2912 | D:4      | Noticed ConnectionFaild's ghost (amateur SpAr)
  2937 | D:4      | Killed ConnectionFaild's ghost
  2937 | D:4      | Reached XP level 7. HP: 38/61 MP: 6/6
  3056 | D:4      | Found a staircase to the Ecumenical Temple.
  3095 | D:4      | Reached skill level 7 in Polearms
  3095 | D:4      | Reached skill level 5 in Armour
  3419 | D:4      | Found Ytiacren's Distillery.
  3426 | D:4      | Bought a potion of mutation for 35 gold pieces
  3426 | D:4      | Bought a potion of heal wounds for 70 gold pieces
  3426 | D:4      | Bought a potion of curing for 42 gold pieces
  3696 | D:5      | Entered Level 5 of the Dungeon
  3708 | D:5      | Found Mutawee Xidu's Magic Scroll Shop.
  3719 | D:5      | Bought a scroll of identify for 22 gold pieces
  3719 | D:5      | Bought a scroll of identify for 22 gold pieces
  3719 | D:5      | Bought a scroll of remove curse for 33 gold pieces
  3719 | D:5      | Bought a scroll of teleportation for 33 gold pieces
  3834 | D:5      | Reached ***** piety under Trog
  3862 | D:5      | Found a stormy altar of Qazlal.
  3999 | D:5      | Found a shimmering altar of Xom.
  3999 | D:5      | Found a shimmering altar of Xom.
  4000 | D:5      | Found a shimmering altar of Xom.
  4000 | D:5      | Found a shimmering altar of Xom.
  4355 | D:5      | Reached XP level 8. HP: 69/71 MP: 7/7
  4442 | D:5      | Reached skill level 8 in Polearms
  4874 | D:6      | Found an iron altar of Okawaru.
  5700 | D:7      | Reached skill level 9 in Polearms
  5700 | D:7      | Reached XP level 9. HP: 75/82 MP: 8/8
  6069 | D:8      | Noticed Joseph
  6087 | D:8      | Killed Joseph
  6087 | D:8      | Reached skill level 10 in Fighting
  6835 | D:8      | Reached skill level 10 in Polearms
  6887 | D:8      | Found a burning altar of Makhleb.
  7505 | D:9      | Reached skill level 11 in Fighting
  7505 | D:9      | Reached XP level 10. HP: 80/95 MP: 9/9
  7587 | D:9      | Found an ancient bone altar of Kikubaaqudgha.
  7753 | D:9      | Found an iron altar of Okawaru.
  7858 | D:9      | Received a gift from Trog
  8029 | D:9      | HP: 2/96 [orc warrior/halberd of flaming (19)]
  8029 | D:9      | Slain by an orc warrior

Action                   |  1- 3 |  4- 6 |  7- 9 | 10-12 || total
-------------------------+-------+-------+-------+-------++-------
Melee: Spear             |    93 |    69 |       |       ||   162
       Trident           |       |   171 |   444 |    58 ||   673
       Glaive            |       |       |       |    10 ||    10
Invok: Berserk           |     1 |     2 |     4 |     1 ||     8
       Brothers in Arms  |       |       |     1 |       ||     1
  Use: Scroll            |       |       |     4 |       ||     4
       Potion            |       |       |     3 |       ||     3
  Eat: Chunk             |     1 |     7 |    18 |     3 ||    29
       Beef jerky        |       |     1 |       |       ||     1
       Meat ration       |       |       |     1 |       ||     1
       Pizza             |       |       |     1 |       ||     1
